 Dungeon Crawl Stone Soup version 0.27.0-1-g7a089689b8 (webtiles) character file.

Game seed: 7277345648199551284

2542 mandarbmax the Tainter (level 9, -7/58 HPs)
             Began as a Demonspawn Venom Mage on Aug 1, 2021.
             Was a Follower of Kikubaaqudgha.
             Killed by divine providence
             ... invoked by an orc priest
              (15 damage)
             ... on level 7 of the Dungeon.
             The game lasted 00:17:58 (8331 turns).

mandarbmax the Tainter (Demonspawn Venom Mage)      Turns: 8331, Time: 00:17:59

Health: -7/58      AC: 12    Str:  9    XL:     9   Next: 30%
Magic:  19/24      EV: 10    Int: 20    God:    Kikubaaqudgha [*.....]
Gold:   297        SH:  0    Dex: 13    Spells: 9/16 levels left

rFire    . . .     SeeInvis .   v - +0 long sword
rCold    . . .     Faith    .   (no shield)
rNeg     . . .     Spirit   .   r - +0 ring mail {Will+}
rPois    .         Reflect  .   j - +1 helmet
rElec    .         Harm     .   k - +1 cloak
rCorr    .         Rampage  .   (no gloves)
Will     +....                  h - +1 pair of boots
Stlth    +.........             (no amulet)
HPRegen  0.19/turn              z - ring of magical power
MPRegen  0.38/turn              (no ring)

@: very slightly contaminated, slowed, very slow
A: claws 1, rugged brown scales 1, magic regeneration
a: Renounce Religion, Receive Corpses


You were on level 7 of the Dungeon.
You worshipped Kikubaaqudgha.
Kikubaaqudgha was aware of your devotion.
You visited 2 branches of the dungeon, and saw 8 of its levels.
You also visited: Sewer.

You collected 297 gold pieces.

Inventory:

Hand Weapons
 l - a +3 quarterstaff of chaos
 v - a +0 long sword (weapon)
Armour
 h - a +1 pair of boots (worn)
 j - a +1 helmet (worn)
 k - a +1 cloak (worn)
 r - a +0 ring mail of willpower (worn)
Jewellery
 z - a ring of magical power (left claw)
 F - a ring of magical power
Wands
 q - a wand of polymorph (4)
 x - a wand of iceblast (10)
 B - a wand of mindburst (6)
 E - a wand of acid (4)
Scrolls
 d - a scroll of acquirement {unknown}
 g - a scroll of blinking {unknown}
 i - a scroll of magic mapping
 m - a scroll of summoning {unknown}
 t - a scroll of enchant weapon {unknown}
 y - a scroll of amnesia {unknown}
Potions
 b - 2 potions of haste {unknown}
 c - 4 potions of heal wounds {unknown}
 e - 3 potions of curing
 f - 2 potions of attraction {unknown}
 n - 2 potions of flight {unknown}
 p - a potion of cancellation {unknown}
 s - 3 potions of berserk rage
 u - a potion of ambrosia {unknown}
 w - a potion of might {unknown}
 A - 2 potions of degeneration {unknown}


   Skills:
 - Level 2.0 Dodging
 - Level 1.7 Stealth
 - Level 4.0 Spellcasting
 - Level 0.8 Transmutations
 * Level 12.1 Poison Magic


You had 9 spell levels left.
You knew the following spells:

 Your Spells              Type           Power      Damage    Failure   Level
a - Sting                 Tmut/Pois      100%       1d8       2%          1
b - Poisonous Vapours     Pois/Air       56%        N/A       4%          2
c - Olgreb's Toxic Radia  Pois           51%        N/A       2%          4

Your spell library contained the following spells:

 Spells                   Type           Power      Damage    Failure   Level
 Mephitic Cloud           Conj/Pois/Air  20%        N/A       21%         3
 Animate Skeleton         Necr           8%         N/A       34%         1
 Pain                     Necr           16%        1d4       34%         1
 Sublimation of Blood     Necr           2%         N/A       47%         2
 Dazzling Flash           Conj/Hex       8%         N/A       71%         3
 Vampiric Draining        Necr           2%         2d6       71%         3
 Agony                    Necr           4%         N/A       100%        5
 Silence                  Hex/Air        2%         N/A       100%        5


Dungeon Overview and Level Annotations

Branches:
Dungeon (6/15)             Temple (1/1) D:4           Sewer (visited)

Altars:
Ashenzari
Dithmenos
Elyvilon
Fedhas
Gozag
Kikubaaqudgha
Makhleb
Nemelex Xobeh
Qazlal
Ru
Sif Muna
Trog
Uskayaw
Vehumet
Xom
The Shining One

Shops:
D:6 :


Innate Abilities, Weirdness & Mutations

You have sharp fingernails.
You are partially covered in rugged brown scales. (AC +1, +3% HP)
You regenerate magic rapidly.


Message History

The kobold brigand throws a curare-tipped dart.
The curare-tipped dart hits you.
You are poisoned.
You have difficulty breathing.
You feel yourself slow down.
Your Poison Magic skill increases to level 12!
Unknown command.
The kobold brigand looks even sicker.
You flicker back into view.
Your toxic aura wanes.
You feel very sick.
The kobold brigand throws a curare-tipped dart.
The curare-tipped dart hits you.
You are lethally poisoned!
You have difficulty breathing.
* * * LOW HITPOINT WARNING * * *
You feel as though you will be slow longer.
You feel better. Kikubaaqudgha accepts your kill.
You feel a bit more experienced.
Casting: Olgreb's Toxic Radiance (dangerous; 2% risk of failure)
Confirm with . or Enter, or press ? or * to list all spells.
Aiming: Poisonous Vapours (safe; 4% risk of failure)
Press: ? - help, Dir - move target, f - orc priest
Aim: an orc priest, wielding a +0 short sword Poisonous vapours surround the orc priest!
The orc priest is poisoned.
Unknown command.
Casting: Poisonous Vapours (safe; 4% risk of failure)
Confirm with . or Enter, or press ? or * to list all spells.
Aiming: Poisonous Vapours (safe; 4% risk of failure)
Press: ? - help, Dir - move target, f/p - orc priest
Aim: an orc priest, wielding a +0 short sword (lightly wounded, very poisoned) Poisonous vapours surround the orc priest!
The orc priest looks as sick as possible!
The orc priest mumbles some strange prayers to Beogh against you.
Beogh smites you!
* * * LOW HITPOINT WARNING * * *
The orc priest calls down the wrath of Beogh upon you.
Beogh smites you!
You die...
Kikubaaqudgha rasps: "You have failed me!
Welcome... death!"

#. #.. ####.. ......
.$..# ...$## ../.#
..:. ....
##.##########.#######
+.....o....@.)......##
##.##########)#......#
#>.#...........§....#
#.).....$......))...#
#.#........♣♣...Z...
#)#.#.##.P.≈≈..§)# #
#.....#Z.≈≈.≈)≈#§#
######Z.##.♣ZP≈≈≈≈.(#
.........##)PP≈≈≈≈...#


You could see an orc priest (extremely poisoned) and a killer bee zombie
(wandering).

Vanquished Creatures
  Sigmund (D:3)
  2 orc warriors (D:7)
  Purgy (Sewer)
  An ice beast (D:6)
  2 sky beasts
  A necrophage (D:5)
  2 ogres
  2 centaurs
  A phantom (D:6)
  A kobold brigand (D:7)
  A bullfrog (D:5)
  4 scorpions
  2 water moccasin skeletons (D:5)
  5 wights
  A howler monkey (D:4)
  A bullfrog zombie (D:6)
  2 hounds
  2 jellies
  2 orc priests
  Crazy Yiuf (D:2)
  A bullfrog skeleton (D:5)
  An iguana (D:4)
  Terence (D:2)
  3 orc wizards
  7 adders
  2 shadow imps
  A white imp (D:6)
  An ufetubus (D:5)
  An adder skeleton (D:4)
  6 worms
  6 dart slugs
  14 orcs
  4 endoplasms
  10 giant cockroaches
  6 goblins
  2 hobgoblins
  7 jackals (D:2)
  4 quokkas
  7 ball pythons
  9 bats
  A frilled lizard (D:2)
  8 kobolds
  7 rats
144 creatures vanquished.

Vanquished Creatures (others)
  7 plants (D:7)
7 creatures vanquished.

Grand Total: 151 creatures vanquished

Notes
Turn   | Place    | Note
-------+----------+-------------------------------------------
     0 | D:1      | mandarbmax the Demonspawn Venom Mage began the quest for
                  | the Orb.
     0 | D:1      | Reached XP level 1. HP: 13/13 MP: 3/3
   224 | D:1      | Gained mutation: You have sharp fingernails. [demonic
                  | ancestry]
   224 | D:1      | Reached XP level 2. HP: 19/19 MP: 1/5
   809 | D:1      | Reached skill level 4 in Poison Magic
   926 | D:1      | Found a faded altar of an unknown god.
  1068 | D:2      | Found a shadowy altar of Dithmenos.
  1160 | D:2      | Reached XP level 3. HP: 19/24 MP: 0/6
  1953 | D:2      | Reached XP level 4. HP: 30/30 MP: 2/7
  2012 | D:2      | Noticed Terence
  2017 | D:2      | Learned a level 2 spell: Poisonous Vapours
  2027 | D:2      | Killed Terence
  2028 | D:2      | Reached skill level 5 in Poison Magic
  2127 | D:2      | Learned a level 4 spell: Olgreb's Toxic Radiance
  2467 | D:2      | Found a runed translucent door.
  2468 | D:2      | Noticed Crazy Yiuf
  2477 | D:2      | Killed Crazy Yiuf
  2869 | D:3      | Found a sacrificial altar of Ru.
  3105 | D:3      | Reached XP level 5. HP: 35/35 MP: 0/8
  3278 | D:3      | Noticed Sigmund
  3287 | D:3      | Killed Sigmund
  3288 | D:3      | Reached skill level 6 in Poison Magic
  3288 | D:3      | Gained mutation: You are partially covered in rugged brown
                  | scales. (AC +1, +3% HP) [demonic ancestry]
  3288 | D:3      | Reached XP level 6. HP: 32/42 MP: 1/10
  3843 | D:4      | Found a glowing drain.
  3878 | Sewer    | Entered a sewer
  4044 | Sewer    | Noticed Purgy
  4065 | Sewer    | Killed Purgy
  4733 | D:4      | Reached skill level 7 in Poison Magic
  4979 | D:4      | Gained mutation: You regenerate magic rapidly. [demonic
                  | ancestry]
  4979 | D:4      | Reached XP level 7. HP: 31/47 MP: 12/12
  5362 | D:4      | Found a staircase to the Ecumenical Temple.
  5381 | Temple   | Entered the Ecumenical Temple
  5593 | Temple   | Became a worshipper of Kikubaaqudgha
  5708 | D:5      | Entered Level 5 of the Dungeon
  5715 | D:5      | Reached skill level 8 in Poison Magic
  6046 | D:5      | Reached skill level 9 in Poison Magic
  6046 | D:5      | Reached XP level 8. HP: 43/53 MP: 14/14
  6924 | D:6      | Reached skill level 10 in Poison Magic
  7250 | D:6      | Found Uschoten's Book Shoppe.
  7833 | D:6      | Reached skill level 11 in Poison Magic
  7856 | D:6      | Reached * piety under Kikubaaqudgha
  7856 | D:6      | Received a gift from Kikubaaqudgha
  7875 | D:6      | Reached XP level 9. HP: 21/58 MP: 15/15
  8277 | D:6      | You fall into a shaft and drop 1 floor!
  8320 | D:7      | Reached skill level 12 in Poison Magic
  8331 | D:7      | Killed from afar by an orc priest

Illustrated notes

Levels and vault maps discovered:
D:1:      matt_arrival_los_fun, layout_basic,
          shapermc_ecumenical_altar_mp_ritualfount
D:2:      layout_basic, basic_altar, uniq_terence, uniq_crazy_yiuf_cottage
D:3:      layout_loops_ring, nicolae_ru_awakened_eye, uniq_sigmund
D:4:      layout_basic, temple_hall, cheibrodos_sewer_entry_drain
D:5:      layout_rooms, serial_co_window_serial, co_window_of_opportunity_a,
          co_window_corner_a, co_window_paths_a, co_window_paths_b,
          co_window_cross_1, co_window_paths_a, co_window_paths_a,
          co_window_2corner, co_window_corner_b, co_window_of_opportunity_b,
          co_window_broadway_a, glass_columns_a, glass_columns_a,
          glass_columns_a, glass_columns_c, glass_columns_b,
          hangedman_decor_lopped
D:6:      layout_basic, gammafunk_ghost_cemetery, serial_shops,
          nicolae_shop_crystal
D:7:      layout_basic, serial_bayou_pond_b
Temple:   roderic_octagonal_lattice_temple

Skill      XL: |  1  2  3  4  5  6  7  8  9 |
---------------+----------------------------+-----
Poison Magic   | 4 5 6 7 9 11 12 | 12.1
Dodging        | 2 |  2.0
Spellcasting   | 3 4 |  4.0
Stealth        | |  1.7
Transmutations | |  0.8

Action                   |  1- 3 |  4- 6 |  7- 9 || total
-------------------------+-------+-------+-------++-------
Melee: Unarmed           |     9 |       |       ||     9
       Quarterstaff      |       |    44 |       ||    44
       Long sword        |       |    36 |   169 ||   205
 Cast: Sting             |    78 |    27 |    31 ||   136
       Poisonous Vapours |       |    58 |    20 ||    78
       Olgreb's Toxic Ra |       |     2 |    13 ||    15
Evoke: Wand              |       |       |    10 ||    10
  Use: Potion            |       |     1 |     3 ||     4
       Scroll            |       |     4 |     5 ||     9
 Stab: Sleeping          |       |     1 |       ||     1
       Invisible         |       |       |     1 ||     1
Armor: Robe              |    13 |     1 |       ||    14
       Ring mail         |       |    93 |   149 ||   242
Dodge: Dodged            |    31 |    63 |   154 ||   248
       Rpst.: Long sword |       |    12 |    51 ||    63
